← All builds
Geo / Armada / Economy first / OBSERVED BUILD

Banshee gunships

Geo builds an early Aircraft Plant and commits to Banshee gunships from 5:10, paired with a Stork transport drop, fighting mostly in the middle instead of bringing the usual T2 land units to front.

#air #drop · 19 distinct matches · 5 players · 1% of Armada Geo games · team won 47% of 19 · Recently observed

THE CATCH, AND WHAT COMES WITH IT
  • BansheeT1 air gunships from 5:10 · 1% of role by thenFrom the Aircraft Plant. Only 1% of Geo games have it by then; others who build it get it around 7:02
  • Aircraft PlantAircraft Plant in 100%3% of all Geo games by then
  • StorkLight transport in 89%4% of all Geo games by then
  • BansheeBanshee in 63%1% of all Geo games by then
  • FalconFighter in 58%4% of all Geo games by then

Where those units first fight, in 19 games with kill data: in the middle 68%, on their own side 32%.

Those units destroy a typical 1,232 metal of enemy units by 15:00.

Then transitions into blitz (13% of army).

HOW TO PLAY IT

Key timing: Aircraft Plant by 4:31

  1. Open standard mex and wind, but drop a Bot Lab immediately.
  2. Build Aircraft Plant right after geo instead of rushing T2 con.
  3. Get a light transport (Stork) from air to move gunships fast.
  4. Commit to Banshee gunships and harass with fighter support from Falcon.
  5. Transition into Vehicle Plant and normal T2 Starlight push to front.

Phase by phase

TYPICAL OF ITS 19 GAMES · AGAINST STANDARD GEO
  1. 1
  2. 2
  3. 3
  4. 4
PLAY THE OPENING

Follow the example game's first 6:11 step by step: what to build now, what comes next, and where it goes. At 1× it keeps pace with your own game.

  1. 1

    Up to the Bot Lab

    Economy
    • Metal Extractor2Mex
    • Wind Turbine4Wind+2 vs standard
    Order
    1. Bot LabBot Lab after 2 mex, 4 winddone ~0:59, middle half 0:57–1:11

    By 0:41 in all: 2 mex · 4 wind (standard 2)

    The example game in this phase · 4 steps
    1. Mex ×2
    2. Wind ×4
    3. Energy storage
    4. Bot LabBot Labdone 1:10 · typical 0:59
  2. 2

    Bot Lab to T1 air gunships

    Economy
    • Metal Extractor2Mex
    • Wind Turbine4Wind
    • Energy Converter9Converter
    • Energy Storage1Energy storage
    Order
    1. Geothermal PowerplantGeo after 4 mex, 6 wind, 1 energy storage
    2. Aircraft PlantAircraft Plant after 4 mex, 7 wind, 9 converter
    3. BansheeT1 air gunships after 4 mex, 7 wind, 9 converter
    Builders
    • Construction Turret4 Con turret −2 vs standard
    • Lazarus4 Lazarus
    • Construction Bot1 Con bot
    • Construction Bot1 Con bot for allies
    • Lazarus1 Lazarus for allies

    Some games also: tick (32%)

    By 5:10 in all: 4 mex · 7 wind · 1 geo · 9 converter · 1 energy storage · 4 con turret (standard 6)

    The example game in this phase · 40 steps
    1. TickTick ×4
    2. LazarusLazarus ×2
    3. Construction BotCon bot
    4. LazarusLazarus
    5. Construction BotCon botfor Beach sea
    6. Mex
    7. LazarusLazarus
    8. LazarusLazarusfor Beach sea
    9. Geothermal PowerplantGeodone 3:12 · typical 3:14
    10. Mex
    11. Con turret ×4
    12. Converter ×2
    13. Bot LabBot Labdone 4:06
    14. Converter
    15. PawnPawn
    16. Converter
    17. PawnPawn ×3
    18. Converter
    19. PawnPawn ×3
    20. Converter
    21. PawnPawn ×3
    22. Converter
    23. PawnPawn
    24. Con turret
    25. PawnPawn ×2
    26. Converter
    27. PawnPawn
    28. Converter
    29. PawnPawn
    30. Converter
    31. Metal storage
    32. Mexfor Pond
    33. Con turret
    34. Advanced Metal ExtractorT2 mexdone 6:07 · typical 6:41
    35. Con turret
    36. SentrySentry ×2
    37. Advanced Metal ExtractorT2 mex
    38. SentrySentry ×2
    39. Aircraft PlantAircraft Plantdone 7:22 · typical 4:39
    40. BansheeBansheedone 7:27
  3. 3

    T1 air gunships to Vehicle Plant

    Economy
    • Wind Turbine7Wind+2 vs standard
    Order
    1. Vehicle PlantVehicle Plant after 18 wind, 11 converter, 7 con turretdone ~8:47, middle half 8:16–9:40
    Builders
    • Construction Turret2 Con turret
    Army
    • Banshee11 Banshee +11 vs standard
    • Stork1 Light transport

    Some games also: converter (42%) · fighter (37%)

    The standard build makes here, this one skips: 5 converter

    By 8:49 in all: 4 mex · 19 wind (standard 14) · 1 geo · 10 converter (standard 14) · 1 energy storage · 7 con turret

    The example game in this phase · 53 steps
    1. PawnPawn
    2. BansheeBanshee ×2
    3. Advanced Metal ExtractorT2 mex
    4. BansheeBanshee
    5. Wind
    6. StorkLight transport
    7. Wind ×3
    8. PawnPawn
    9. Wind ×2
    10. Advanced Metal ExtractorT2 mex
    11. Wind ×2
    12. BansheeBanshee
    13. SentrySentry
    14. BansheeBanshee ×2
    15. SentrySentry
    16. BansheeBanshee
    17. PrudePrudedone 9:44
    18. NettleNettle
    19. BansheeBanshee
    20. NettleNettle
    21. BansheeBanshee
    22. Wind ×7
    23. Radar TowerRadar Tower
    24. StormbringerBomberfor Air
    25. Wind ×2
    26. StormbringerBomber ×2for Air
    27. Wind ×2
    28. Con turret
    29. StormbringerBomber ×2for Air
    30. Con turret
    31. Aircraft PlantAircraft Plantdone 10:34
    32. StormbringerBomber ×3for Air
    33. NettleNettle
    34. StormbringerBomber ×7for Air
    35. StormbringerBomber ×3
    36. Wind
    37. StormbringerBomber ×2
    38. Wind
    39. StormbringerBomber ×2
    40. Wind
    41. StormbringerBomber ×2
    42. Wind
    43. StormbringerBomber ×2
    44. Wind
    45. StormbringerBomber
    46. FalconFighter ×3
    47. Wind
    48. FalconFighter ×3
    49. Wind
    50. FalconFighter ×4
    51. Wind
    52. FalconFighter ×4
    53. Vehicle PlantVehicle Plantdone 12:30 · typical 8:47
  4. 4

    Vehicle Plant to 15:00

    Economy
    • Wind Turbine10Wind−10 vs standard
    • Energy Converter6Converter+4 vs standard
    Builders
    • Construction Turret5 Con turret +4 vs standard

    Some games also: con vehicle (47%) · con aircraft (42%) · Advanced Vehicle Plant (37%) · scout plane (37%) · metal storage (37%)

    The standard build makes here, this one skips: 5 Jaguar · 3 Starlight

    By 15:00 in all: 4 mex · 44 wind · 1 geo · 21 converter · 1 energy storage · 1 metal storage

    The example game in this phase · 33 steps
    1. FalconFighter
    2. Construction AircraftCon aircraft
    3. Construction VehicleCon vehicle
    4. Wind
    5. Con turret
    6. Wind ×3
    7. Advanced Vehicle PlantAdvanced Vehicle Plantdone 13:09
    8. Wind ×2
    9. StorkLight transport
    10. Con turret
    11. StorkLight transport
    12. Con turret
    13. Advanced Construction VehicleT2 con vehiclefor Front
    14. Con turret
    15. BlinkScout plane ×4
    16. BeamerBeamer
    17. BlinkScout plane ×3
    18. BeamerBeamer
    19. BlinkScout plane
    20. JaguarJaguar
    21. BlinkScout plane
    22. BeamerBeamer
    23. JaguarJaguar
    24. BlinkScout plane
    25. JaguarJaguar
    26. BeamerBeamer
    27. JaguarJaguar ×2
    28. BeamerBeamer
    29. JaguarJaguar ×5
    30. BeamerBeamer
    31. Construction AircraftCon aircraft
    32. StarlightStarlightdone 14:55
    33. BeamerBeamer ×2

Counts are medians over the build's games: half of them build more, half fewer. The example game is UsurpeR's (47 OS, 11/09/2026); pick another.

Team trades

IN AT LEAST 30% OF ITS GAMES

You hand over

  • Lazarus1 Lazarus to Beach sea or Frontfirst at 2:08 · in 74% of games
  • Construction Bot1 Con bot to Beach sea or Frontfirst at 2:53 · in 89% of games

You get

  • Hercules1 Light transport from Airfirst at 5:17 · in 32% of games
  • Advanced Construction Bot1 T2 con bot from Techfirst at 5:21 · in 74% of games

How it plays out

Typical game of this build against the role’s standard build, running totals by minute

  • This build
  • Standard geo

Metal produced

020k40k
0:005:0010:0015:00

metal

Enemy metal destroyed

05k10k15k
0:005:0010:0015:00

metal

Own metal lost

02.5k5k7.5k
0:005:0010:0015:00

metal

19 games.

Show as table
ByMetal produced: This buildMetal produced: Standard geoEnemy metal destroyed: This buildEnemy metal destroyed: Standard geoOwn metal lost: This buildOwn metal lost: Standard geo
1:003333330000
2:007368250000
3:00155615230000
4:00274427000000
5:003715372600420
6:005359572900710
7:007587813084107120
8:0091551145918030156921
9:0012285144892043511745130
10:00144041740529105652161280
11:001782220377387220742452790
12:0020235233054296394027111940
13:0023191260624748596130893304
14:0026045289884748832143034785
15:00277213149763031017256806196
WHAT THE NUMBERS SAY

Won less often than the standard build and destroyed less enemy metal by 15:00 despite big early kills.

  • + Destroyed 2910 metal by 10:00 vs 624 for standard build.
  • − Lost 2161 metal by 10:00 vs only 334 for standard build.
  • − Team win rate 47% vs 53% for standard build.
THE EXAMPLE YOU ARE READING

UsurpeR

47.4 OS · 11/09/2026

Open source match ↗

3 received units · includes a constructor
590 metal received · 89878 energy received

Allied construction assistance is unknown. Timings are observations, not a promise of solo reproducibility.

Typical milestones

Bot Lab0:59Middle 50%: 0:57–1:11 · n=19
Geothermal Powerplant3:14Middle 50%: 3:00–3:25 · n=19
Aircraft Plant4:39Middle 50%: 4:21–6:05 · n=19
Advanced Metal Extractor6:41Middle 50%: 5:51–7:53 · n=16
Vehicle Plant8:47Middle 50%: 8:16–9:40 · n=11

Played most by

UsurpeR14games of this buildHandicapping_mySelf2games of this buildIMBALANCED1game of this buildKuchy1game of this buildNutzz1game of this build